AoeStats
← Lord Tito

Arena

504901095Analyzed
4v4 RM · 24d ago on Sep 7, 2026· 43m 14s· 8 players
Game mode
Random Map
Map size
Large (8 player)
Population
200
Speed
Normal
Resources
Standard
Victory
Conquest
Starting age
Dark Age
Ending age
Imperial Age
RankedLock teamsTeams togetherTeam positionsShared explorationLock speedFull tech treeHidden civsTurbo modeCheats
Victory
Defeat
🇬🇧 Bulgarians · United Kingdom
1005
+14
🇹🇼 Bohemians · Taiwan
969
+16
🇦🇷 Cumans · Argentina
904
+18
🇧🇷 Burmese · Brazil
891
+20
🇲🇽 Portuguese · Mexico
992
-18
🇨🇱 Britons · Chile
957
-17
🇨🇴 Bengalis · Colombia
953
-17
🇪🇸 Slavs · Spain
945
-16
erick_carrington
2:48 Loom
10:44 Feudal Age
15:44 Castle Age
16:02 Double-Bit Axe
17:56 Fervor
19:21 Sanctity
19:22 Horse Collar
21:18 Wheelbarrow
22:30 Town Watch
23:40 Heavy Plow
24:47 Hand Cart
30:03 Town Patrol
32:58 Imperial Age
32:10 Scale Barding Armor
32:16 Forging
31:57 Fletching
32:09 Padded Archer Armor
33:02 Bloodlines
32:59 Husbandry
33:25 Chain Barding Armor
36:04 Plate Barding Armor
36:05 Iron Casting
35:26 Cavalier
36:12 Bodkin Arrow
38:03 Conscription
37:53 Circumnavigation
37:58 Arquebus
40:33 Chemistry
Cen7aurus
8:31 Loom
11:45 Feudal Age
18:00 Castle Age
18:24 Double-Bit Axe
18:21 Horse Collar
30:53 Heavy Plow
37:37 Bow Saw
38:45 Fletching
38:55 Padded Archer Armor
maximankeo
7:22 Loom
10:08 Feudal Age
10:39 Double-Bit Axe
17:18 Castle Age
15:40 Gold Mining
16:45 Horse Collar
20:21 Wheelbarrow
20:36 Fervor
21:22 Town Watch
24:06 Hand Cart
25:04 Fletching
30:13 Imperial Age
28:23 Ballistics
28:09 Padded Archer Armor
27:58 Crossbowman
29:47 Bow Saw
30:08 Bodkin Arrow
31:59 Chemistry
31:23 Arbalester
32:29 Bracer
33:35 Pikeman
35:08 Leather Archer Armor
35:19 Town Patrol
35:26 Scale Mail Armor
35:37 Forging
37:27 Squires
37:26 Murder Holes
37:48 Chain Mail Armor
37:05 Halberdier
39:25 Plate Mail Armor
MMURIEL
3:12 Loom
9:45 Feudal Age
11:03 Wheelbarrow
10:15 Double-Bit Axe
11:23 Horse Collar
18:58 Castle Age
17:16 Stone Mining
17:52 Gold Mining
19:56 Hand Cart
21:18 Heavy Plow
| LEON | SAPULHA
0:30 Loom
14:02 Feudal Age
18:00 Castle Age
16:16 Gold Mining
16:34 Horse Collar
20:14 Gold Shaft Mining
23:59 Wheelbarrow
26:58 Heavy Plow
28:26 Stone Mining
29:43 Hand Cart
30:20 Manipur Cavalry
29:45 Light Cavalry
32:05 Husbandry
32:15 Bloodlines
32:33 Scale Barding Armor
32:38 Forging
36:22 Imperial Age
35:03 Chain Barding Armor
35:45 Iron Casting
36:00 Fortified Wall
36:34 Hussar
37:52 Plate Barding Armor
38:17 Blast Furnace
36:53 Man-at-Arms
37:19 Gambesons
37:39 Squires
38:04 Scale Mail Armor
38:00 Long Swordsman
39:38 Conscription
38:57 Two-Handed Swordsman
39:55 Chain Mail Armor
41:04 Chemistry
42:02 Champion
Lord Tito
0:52 Loom
11:03 Feudal Age
12:23 Wheelbarrow
11:39 Double-Bit Axe
15:46 Horse Collar
19:02 Scale Mail Armor
19:11 Man-at-Arms
19:37 Arson
21:08 Forging
27:30 Castle Age
27:40 Pikeman
28:20 Squires
27:41 Long Swordsman
28:26 Heavy Plow
29:04 Iron Casting
28:44 Chain Mail Armor
28:40 Capped Ram
29:55 Gold Mining
29:56 Stone Mining
33:33 Gold Shaft Mining
39:20 Imperial Age
37:58 Bow Saw
37:22 Elite Skirmisher
38:48 Thumb Ring
42:25 Ballistics
43:06 Chemistry
44:05 Two-Man Saw
Horahlooks
11:27 Feudal Age
15:19 Castle Age
13:50 Double-Bit Axe
14:17 Horse Collar
16:14 Bow Saw
21:04 Scale Barding Armor
21:12 Bloodlines
22:16 Wheelbarrow
21:27 Loom
24:26 Forging
27:09 Chain Barding Armor
28:55 Heavy Plow
28:45 Light Cavalry
29:35 Gold Mining
29:35 Stone Mining
30:16 Husbandry
33:47 Imperial Age
31:03 Town Watch
32:27 Hand Cart
35:22 Iron Casting
35:36 Plate Barding Armor
37:00 Blast Furnace
38:41 Conscription
38:18 Stirrups
40:29 Elite Konnik
41:54 Gold Shaft Mining
GG豪大
10:51 Feudal Age
15:45 Castle Age
14:03 Horse Collar
14:26 Double-Bit Axe
17:05 Bow Saw
20:53 Loom
22:27 Wheelbarrow
25:21 Hand Cart
25:56 Heavy Plow
29:39 Imperial Age
29:33 Arson
29:48 Squires
29:08 Pikeman
29:51 Scale Mail Armor
29:52 Padded Archer Armor
30:04 Forging
31:08 Chemistry
30:29 Ballistics
30:28 Elite Skirmisher
32:12 Fletching
33:54 Two-Man Saw
35:18 Iron Casting
34:59 Chain Mail Armor
34:14 Halberdier
35:33 Conscription
37:33 Blast Furnace
37:04 Plate Mail Armor
37:06 Devotion
36:41 Houfnice
43:33 Wagenburg Tactics
Connection lost

Rejoining the realm…

Still unreachable

The connection could not be restored.

Session expired

The server has moved on; the page needs a fresh start.